 Dungeon Crawl Stone Soup version 0.25.1-2-g60ff931df9 (webtiles) character file.

Game seed: 10525382881484331213

1198 Descartes the Sneak (level 8, -1/36 HPs)
             Began as a Spriggan Wizard on July 30, 2020.
             Was an Initiate of Gozag.
             Slain by an ice beast (7 damage)
             ... on level 7 of the Dungeon.
             The game lasted 00:14:59 (8551 turns).

Descartes the Sneak (Spriggan Wizard)               Turns: 8551, Time: 00:15:00

Health: -1/36      AC:  7    Str:  4    XL:     8   Next: 20%
Magic:  8/15       EV: 18    Int: 21    God:    Gozag
Gold:   679        SH:  5    Dex: 14    Spells: 6/15 levels left

rFire    . . .     SeeInvis +   b - +1 rapier
rCold    . . .     Gourm    .   (shield restricted)
rNeg     . . .     Faith    .   p - +1 robe {Archmagi}
rPois    .         Spirit   .   q - +0 hat
rElec    .         Reflect  +   (no cloak)
rCorr    .         Harm     .   (gloves unavailable)
MR       +....                  (boots unavailable)
Stlth    +++.......             y - amulet of reflection
HPRegen  0.12/turn              v - +4 ring of protection
MPRegen  0.14/turn              (no ring)

@: very quick
A: very small, unfitting armour, see invisible, herbivore, speed 3, slow
metabolism 2
a: Potion Petition, Call Merchant, Bribe Branch, Renounce Religion


You were on level 7 of the Dungeon.
You worshipped Gozag.
Gozag was pleased with you.
You were hungry.

You visited 2 branches of the dungeon, and saw 8 of its levels.

You collected 732 gold pieces.
You paid 53 gold pieces to Gozag.

Inventory:

Hand Weapons
 b - a +1 rapier (weapon)
Missiles
 c - 164 stones (quivered)
 e - 44 sling bullets
 g - 80 arrows
 x - 32 bolts
Armour
 k - a +0 robe
 p - a +1 robe of the Archmagi (worn)
 q - a +0 hat (worn)
Jewellery
 s - an uncursed amulet of regeneration
 v - a +4 ring of protection (left hand)
 y - an amulet of reflection (around neck)
Wands
 a - a wand of iceblast (10)
 w - a wand of clouds (4)
Scrolls
 h - a scroll of magic mapping
 l - 2 scrolls of immolation
 m - 2 scrolls of blinking
 r - a scroll of enchant weapon
 A - a scroll of fear {unknown}
 B - a scroll of identify
 C - a scroll of amnesia {unknown}
 D - 2 scrolls of remove curse
Potions
 f - 4 potions of heal wounds
 i - 4 potions of lignification
 j - a potion of might {unknown}
 n - 3 potions of brilliance
 o - 3 potions of flight {unknown}
 t - 2 potions of stabbing
 u - a potion of magic {unknown}
 z - a potion of resistance {unknown}
 E - a potion of curing {unknown}
Comestibles
 d - 12 rations


   Skills:
 - Level 3.0 Dodging
 + Level 7.0 Stealth
 - Level 4.0 Spellcasting
 - Level 4.0 Conjurations
   Level 0.7 Summonings
 - Level 4.0 Translocations
 + Level 2.9 Fire Magic
 + Level 3.2 Air Magic
 + Level 3.5 Poison Magic


You had 6 spell levels left.
You knew the following spells:

 Your Spells              Type           Power        Failure   Level  Hunger
a - Magic Dart            Conj           ####         2%          1    None
b - Blink                 Tloc           N/A          3%          2    #......
c - Conjure Flame         Conj/Fire      ####....     9%          3    ###....
d - Mephitic Cloud        Conj/Pois/Air  ####....     9%          3    ###....

Your spell library contained the following spells:

 Spells                   Type           Power        Failure   Level  Hunger
 Call Imp                 Summ           ##......     14%         2    #......
 Slow                     Hex            #.......     19%         2    #......


Dungeon Overview and Level Annotations

Branches:
Dungeon (7/15)             Temple (1/1) D:6

Altars:
Ashenzari
Cheibriados
Dithmenos
Elyvilon
Fedhas
Gozag
Hepliaklqana
Kikubaaqudgha
Nemelex Xobeh
Okawaru
Qazlal
Ru
Sif Muna
Trog
Uskayaw
Vehumet
Wu Jian
Xom
Yredelemnul
Zin
The Shining One

Shops:
D:6 (

Annotations:
D:4 2 runed translucent doors, Tinylith's ghost, amateur DrIE


Innate Abilities, Weirdness & Mutations

You are very small and have problems with some larger weapons.
You are too small for most types of armour.
You have supernaturally acute eyesight. (SInv)
You are a herbivore.
You cover ground extremely quickly.
You need to consume almost no food.


Message History

Press: ? - help, Shift-Dir - straight line, f - ice beast
Aim: an ice beast (asleep)
You feel a surge of power!
The magic dart hits the ice beast but does no damage.
Casting: Magic Dart (safe; 2% risk of failure)
Confirm with . or Enter, or press ? or * to list all spells.
You feel a surge of power!
The fire begins to smolder!
You are feeling hungry.
The ice beast misses you.
Casting: Conjure Flame (dangerous; 9% risk of failure)
Confirm with . or Enter, or press ? or * to list all spells.
You feel a surge of power!
The fire ignites!
You are engulfed in blazing flames.
Ouch! That really hurt!
* * * LOW HITPOINT WARNING * * *
The ice beast hits you.
* * * LOW HITPOINT WARNING * * *
The ice beast freezes you!
You die...
Your body crumbles into a pile of gold.

#.# ##
#.# $ ..
#.# #.
#.# #.
###.# #.
#...# #.
#.###
#Y#####.#
#.@.....#
#.#######
#. #. #.
#. #. ##


You could see an ice beast.

Vanquished Creatures
  An ice beast (D:5)
  2 ogres (D:4)
  An eye of draining (D:4)
  3 scorpions
  A howler monkey (D:5)
  A crimson imp (D:5)
  An orc priest (D:4)
  A gnoll shaman (D:6)
  A hound (D:4)
  2 orc wizards
  A centaur skeleton (D:6)
  An iguana (D:6)
  6 worker ants
  A hound zombie (D:6)
  2 hound skeletons
  5 gnolls (D:6)
  8 adders
  A shadow imp (D:6)
  An ooze (D:3)
  An adder skeleton (D:4)
  A worm (D:3)
  3 dart slugs
  6 leopard geckos
  19 orcs
  3 giant cockroaches
  5 goblins
  5 hobgoblins
  11 jackals
  9 kobolds
  A quokka (D:6)
  2 ball pythons
  5 bats
  4 frilled lizards
  A leopard gecko zombie (D:5)
  A quokka zombie (D:5)
  9 rats
126 creatures vanquished.

Notes
Turn   | Place    | Note
-------+----------+-------------------------------------------
     0 | D:1      | Descartes the Spriggan Wizard began the quest for the Orb.
     0 | D:1      | Reached XP level 1. HP: 9/9 MP: 6/6
    92 | D:1      | Reached skill level 1 in Conjurations
   279 | D:1      | Reached XP level 2. HP: 13/13 MP: 4/8
   944 | D:1      | Reached XP level 3. HP: 16/16 MP: 7/9
  2668 | D:3      | Reached XP level 4. HP: 21/21 MP: 7/11
  2700 | D:3      | Found a blossoming altar of Fedhas.
  3305 | D:3      | Learned a level 2 spell: Blink
  3309 | D:3      | Learned a level 3 spell: Conjure Flame
  3313 | D:3      | Learned a level 3 spell: Mephitic Cloud
  3538 | D:4      | Found a shattered altar of Ashenzari.
  3538 | D:4      | Found a radiant altar of Vehumet.
  3538 | D:4      | Found an ancient bone altar of Kikubaaqudgha.
  3538 | D:4      | Found a glowing silver altar of Zin.
  3545 | D:4      | Reached XP level 5. HP: 24/24 MP: 4/12
  3602 | D:4      | Noticed an ogre
  3613 | D:4      | Killed an ogre
  3613 | D:4      | Reached skill level 1 in Poison Magic
  3720 | D:4      | Found a sparkling altar of Nemelex Xobeh.
  3721 | D:4      | Found an opulent altar of Gozag.
  3727 | D:4      | Became a worshipper of Gozag Ym Sagoz the Greedy
  3751 | D:4      | Reached skill level 1 in Air Magic
  3831 | D:4      | Noticed an ogre
  3832 | D:4      | Reached skill level 1 in Fire Magic
  3833 | D:4      | Reached skill level 4 in Stealth
  3839 | D:4      | Reached XP level 6. HP: 24/28 MP: 5/13
  4198 | D:4      | Found a runed translucent door.
  4199 | D:4      | Noticed Tinylith's ghost (amateur DrIE)
  4429 | D:4      | Found a runed translucent door.
  4810 | D:5      | Entered Level 5 of the Dungeon
  4823 | D:5      | Reached XP level 7. HP: 32/32 MP: 10/14
  4857 | D:5      | Reached skill level 5 in Stealth
  5488 | D:5      | Found a shimmering blue altar of Sif Muna.
  5598 | D:5      | Reached skill level 6 in Stealth
  6364 | D:6      | Found a staircase to the Ecumenical Temple.
  6518 | D:6      | Reached XP level 8. HP: 36/36 MP: 11/15
  6599 | D:6      | Found Xer Lugg's Weapon Boutique.
  7980 | D:6      | Reached skill level 7 in Stealth
  8246 | Temple   | Entered the Ecumenical Temple
  8551 | D:7      | Slain by an ice beast

Illustrated notes

Levels and vault maps discovered:
D:1:      sevenhm_arrival_forest_fort_small_3, layout_basic,
          chequers_serial_rivers_micro_c
D:2:      layout_basic, first_ration, kennysheep_generic_room_5
D:3:      layout_rooms, fedhas_altar_1
D:4:      layout_loops_cross, grunt_temple_overflow_opulence,
          chequers_temple_overflow_statue_of_worship, ebering_ghost_sewer_f
D:5:      layout_basic, basic_altar
D:6:      layout_basic, minmay_temple_entry_glassed_door, serial_shops,
          shop_fountains
D:7:      lemuel_ratsnest, layout_basic, serial_shops, shop,
          sigmund_edmund_badplayer
Temple:   eino_temple_lava

Skill      XL: |  1  2  3  4  5  6  7  8 |
---------------+-------------------------+-----
Conjurations   | 1 2 3 4 |  4.0
Translocations | 2 3 4 |  4.0
Poison Magic   | 1 3 |  3.5
Air Magic      | 1 2 3 |  3.2
Fire Magic     | 1 2 |  2.9
Stealth        | 4 6 7 |  7.0
Dodging        | |  3.0
Spellcasting   | |  4.0
Summonings     | |  0.7

Action                   |  1- 3 |  4- 6 |  7- 9 || total
-------------------------+-------+-------+-------++-------
Melee: Short sword       |     9 |    15 |       ||    24
       Rapier            |       |       |    31 ||    31
 Cast: Magic Dart        |   127 |   134 |   180 ||   441
       Conjure Flame     |       |       |     4 ||     4
       Blink             |       |       |     1 ||     1
  Use: Scroll            |       |     9 |     2 ||    11
 Stab: Sleeping          |       |     1 |     1 ||     2
  Eat: Ration            |       |       |     2 ||     2
Armor: Robe              |     5 |     4 |     9 ||    18
Dodge: Dodged            |    31 |    29 |    26 ||    86
Block: Other             |       |       |     4 ||     4
